 Dungeon Crawl Stone Soup version 0.29-a0-284-gf9362112df (webtiles) character file.

Game seed: 7853734709524613032

3348 spaghetti the Fighter (level 9, -2/91 (93) HPs)
             Began as a Deep Dwarf Delver on Mar 20, 2022.
             Was an Elder of Ru.
             Slain by a fire elemental (20 damage)
             ... summoned by a deep elf pyromancer
             ... on level 8 of the Dungeon.
             The game lasted 00:26:30 (7743 turns).

spaghetti the Fighter (Deep Dwarf Delver)           Turns: 7743, Time: 00:26:31

HP:   -2/91 (93)    AC:  7    Str: 14    XL:     9   Next: 72%
MP:   2/5           EV: 12    Int: 17    God:    Ru [****..]
Gold: 361           SH:  0    Dex: 18    Spells: 8/8 levels left

rFire   x . .      SeeInvis .   a - +2 trident (vamp) {polearm}
rCold   x . .      Faith    .   (no shield)
rNeg    . . .      Spirit   .   r - +1 leather armour
rPois   .          Reflect  .   (no helmet)
rElec   .          Harm     .   e - +2 cloak
rCorr   .          Rampage  .   l - +0 pair of gloves
Will    +....      Clarity  +   h - +0 pair of boots
Stlth   ++++......              (no amulet)
HPRegen 0.00/turn               t - +6 ring of intelligence
MPRegen 0.09/turn               (no ring)

@: lightly drained
A: damage resistance, heal wounds, sense surroundings 2, unskilled 1, missing an
eye, temperature sensitive, no regeneration, hooves 1, clarity, deformed body,
weak 1
a: Heal Wounds, Renounce Religion, Draw Out Power, Power Leap


You were on level 8 of the Dungeon.
You worshipped Ru.
Ru was greatly pleased with you.
You visited 2 branches of the dungeon, and saw 9 of its levels.

You collected 361 gold pieces.


Innate Abilities, Weirdness & Mutations

You are resistant to damage.
You can heal yourself by infusing magical energy.
You passively map the area around you.
You are somewhat unskilled. (-1 Apt)
You are missing an eye, making it more difficult to aim.
You are sensitive to extremes of temperature. (rF-, rC-)
You do not regenerate.
You have large cloven feet.
You possess an exceptional clarity of mind.
Armour fits poorly on your strangely shaped body.
You are weak. (Str -2)


   Skills:
 + Level 9.9 Fighting
 - Level 1.5 Short Blades
 - Level 4.5 Axes
 - Level 2.0 Dodging
 - Level 9.3 Stealth


You had 8 spell levels left.
You didn't know any spells.
Your spell library contained the following spells:

 Spells                   Type           Power      Damage    Failure   Level
 Gell's Gravitas          Tloc           0%         N/A       65%         3
 Lesser Beckoning         Tloc           0%         N/A       65%         3
 Teleport Other           Tloc           0%         N/A       65%         3

Inventory:

Hand Weapons
 a - a +2 vampiric trident (weapon) {polearm}
   (You took it off a gnoll sergeant on level 7 of the Dungeon)
 b - a +8 longbow of flaming {bow}
   (You acquired it on level 4 of the Dungeon)
 m - the +9 mace of the Dungeon {freeze, Int+4 Dex+3, mace}
   (You found it on level 7 of the Dungeon)

   It freezes those it strikes, dealing additional cold damage.
   It can also slow down cold-blooded creatures.
   Int:       It affects your intelligence (+4).
   Dex:       It affects your dexterity (+3).
 x - a +0 vampiric hand axe {axe}
   (You took it off an orc on level 6 of the Dungeon)
Missiles
 d - 253 stones {throwing}
 f - 3 silver boomerangs {throwing}
 s - 9 poisoned darts {throwing}
 A - a boomerang {throwing}
Armour
 e - a +2 cloak (worn)
   (You found it on level 2 of the Dungeon)
 h - a +0 pair of boots (worn)
   (You found it on level 2 of the Dungeon)
 k - a scarf of invisibility
   (You found it on level 4 of the Dungeon)
 l - a +0 pair of gloves (worn)
   (You found it on level 6 of the Dungeon)
 r - a +1 leather armour (worn)
 E - a +0 cloak
   (You took it off Crazy Yiuf on level 7 of the Dungeon)
Magical Staves
 u - a staff of cold {!astaff}
   (You found it on level 6 of the Dungeon)
Jewellery
 o - an amulet of guardian spirit
   (You found it on level 3 of the Dungeon)
 t - a +6 ring of intelligence (left hand)
   (You found it on level 5 of the Dungeon)
 y - a ring of flight
   (You found it on level 5 of the Dungeon)
Wands
 g - a wand of digging (1)
 n - a wand of flame (23)
   (You found it on level 7 of the Dungeon)
 v - a wand of mindburst (11)
   (You took it off Ijyb on level 5 of the Dungeon)
Scrolls
 c - 2 scrolls of fog
 p - a scroll of enchant weapon
 q - a scroll of silence {!r}
 w - 2 scrolls of identify {@r1}
 C - a scroll of enchant armour
Potions
 i - a potion of brilliance
 j - 2 potions of flight
 z - a potion of magic

Dungeon Overview and Level Annotations

Branches:
Dungeon (8/15)             Temple (1/1) D:5
   Lair: D:8-11

Altars:
Ashenzari
Cheibriados
Dithmenos
Elyvilon
Fedhas
Gozag
Hepliaklqana
Kikubaaqudgha
Makhleb
Nemelex Xobeh
Okawaru
Qazlal
Ru
Sif Muna
Trog
Uskayaw
Vehumet
Wu Jian
Xom
Yredelemnul
Zin
The Shining One

Annotations:
D:4 3 runed translucent doors
D:6 exclusion: black bear

,.. ..# ##'## **##.
### #.# #. #.# #.
##########.##* #.
#.......#...## #.
#.#####......# ##.*
#.#####.#...##.
###.E###e##...........
*#....@Eā—‹Ā°...##ā€
##.####
#.###y###.#####.##.#
*... #.......##.#
#.##*,#..#######.# #.
, #.[# #.# #
#.##*****#.# * , ,#..
,, .# ** , .. * * , ,


You could see a deep elf pyromancer, 2 fire elementals and a killer bee.


Message History

You are poisoned.
The killer bee poisons you! šŸ˜Ø HP[-16] MP[+1]
You take 16 damage, and now have 25/91 hp.
Aiming: Mindburst
Press: ? - help, Shift-Dir - straight line, f - deep elf pyromancer
Aim: a deep elf pyromancer, wielding a +0 rapier and wearing a +0 leather armour (almost dead, chance to affect: 47%)
Okay, then.
Okay, then.
You're too exhausted to draw out your power.
Okay, then.
Okay, then.
You closely miss the deep elf pyromancer.
You redirect the killer bee's attack!
The killer bee barely misses itself.
The fire elemental hits you. The fire elemental burns you!
The fire burns you terribly!
* * * LOW HITPOINT WARNING * * *
The deep elf pyromancer closely misses you. šŸ˜± HP[-7]
You take 7 damage, and now have 18/91 hp.
You feel much better. The fire elemental hits you.
The fire elemental burns you! The fire burns you terribly!
* * * LOW HITPOINT WARNING * * *
The deep elf pyromancer casts a spell at you.
The bolt of fire hits you!! The fire burns you terribly!
* * * LOW HITPOINT WARNING * * *
The fire elemental hits you. The fire elemental burns you!
The fire burns you terribly!
* * * LOW HITPOINT WARNING * * *
The killer bee buzzes angrily. šŸ˜± HP[-15]
You take 15 damage, and now have 3/91 hp.
Unknown command.
You feel much better.
The deep elf pyromancer hits you with a +0 rapier.
* * * LOW HITPOINT WARNING * * *
The fire elemental misses you. šŸ˜Ø HP[+26]
You regained 26 hp, and now have 29/91 hp.
You hit the deep elf pyromancer. The fire elemental barely misses you.
The deep elf pyromancer hits you with a +0 rapier.
The fire elemental hits you. The fire elemental burns you!
The fire burns you terribly!
* * * LOW HITPOINT WARNING * * *
The deep elf pyromancer mumbles some strange words.
The deep elf pyromancer blinks! šŸ˜± HP[-17]
You take 17 damage, and now have 12/91 hp.
Okay, then.
Your magical essence is drained by the effort!
You feel much better.
The killer bee is no longer blind.
The killer bee closely misses you. The fire elemental hits you.
The fire elemental burns you! The fire burns you terribly!
* * * LOW HITPOINT WARNING * * *
The killer bee stings you.
* * * LOW HITPOINT WARNING * * *
You redirect the deep elf pyromancer's attack! šŸ˜± HP[+2]
You regained 2 hp, and now have 14/91 hp.
Unknown command.
You feel much better.
The wyvern bites you but does no damage.
The killer bee stings you but does no damage.
You redirect the fire elemental's attack!
The fire elemental hits itself.
The wyvern bites you but does no damage.
The killer bee stings you. šŸ˜Ø HP[+30]
You regained 30 hp, and now have 44/91 hp.
Unknown command.
Unknown command.
You miss the killer bee.
You are no longer poisoned.
The killer bee is stunned by your conviction and fails to attack.
The fire elemental barely misses you. The wyvern misses you.
The killer bee barely misses you. The fire elemental barely misses you.
You redirect the deep elf pyromancer's attack!
The deep elf pyromancer points at the wyvern and mumbles some strange words.
The bolt of fire hits the fire elemental.
The fire elemental completely resists.
The bolt of fire hits the wyvern!!
The wyvern dies!
The bolt of fire hits you! The fire burns you terribly!
* * * LOW HITPOINT WARNING * * *
šŸ˜Ø HP[-14]
You take 14 damage, and now have 30/91 hp.
Unknown command.
You closely miss the killer bee.
The deep elf pyromancer shouts!
Your punch misses the killer bee. The killer bee misses you.
The fire elemental barely misses you. The killer bee closely misses you.
The fire elemental barely misses you.
You completely miss the killer bee.
You feel less exhausted. The killer bee barely misses you.
The fire elemental closely misses you. The killer bee closely misses you.
The fire elemental hits you. The fire elemental burns you!
The fire burns you terribly!
* * * LOW HITPOINT WARNING * * *
The fire elemental hits you. The fire elemental burns you!
The fire burns you terribly!
You die...

Skill      XL: |  1  2  3  4  5  6  7  8  9 |
---------------+----------------------------+-----
Stealth        | 7 8 9 9 |  9.3
Fighting       | 3 4 6 7 9 |  9.9
Axes           | 4 |  4.5
Short Blades   | |  1.5
Dodging        | |  2.0

Action                   |  1- 3 |  4- 6 |  7- 9 || total
-------------------------+-------+-------+-------++-------
Melee: Short sword       |    75 |   421 |       ||   496
       Punch             |       |     5 |     2 ||     7
       Kick              |       |    10 |       ||    10
       Hand axe          |       |       |   243 ||   243
       Trident           |       |       |    97 ||    97
 Fire: Longbow           |       |     6 |   168 ||   174
Invok: Sacrifice an Eye  |       |     1 |       ||     1
       Sacrifice Skill   |       |     1 |       ||     1
       Draw Out Power    |       |       |     4 ||     4
       Power Leap        |       |       |     1 ||     1
       Sacrifice Resista |       |       |     1 ||     1
 Abil: Heal Wounds       |     1 |    10 |    13 ||    24
Evoke: Wand              |       |     1 |    16 ||    17
  Use: Scroll            |     3 |     8 |     3 ||    14
       Potion            |       |     8 |     3 ||    11
 Stab: Sleeping          |     5 |    14 |     2 ||    21
       Distracted        |       |     4 |     3 ||     7
       Confused          |       |     1 |       ||     1
       Paralysed         |       |       |     5 ||     5
Armor: Leather armour    |    15 |   125 |   175 ||   315
       Skin              |       |     4 |       ||     4
Dodge: Dodged            |    52 |   262 |   348 ||   662

Levels and vault maps discovered:
D:1:      kennysheep_arrival_seaside, layout_rooms, shapermc_ecumenical_altar_gd
D:2:      layout_loops_cross
D:3:      kennysheep_the_goblin_king, layout_basic, uniq_jessica
D:4:      cheibrodos_barr_body, layout_basic, gammafunk_ghost_necromancy,
          chequers_serial_rivers_small_a, minmay_rat_hole, uniq_natasha
D:5:      corexii_shantytown, layout_basic, minmay_temple_entry_proselytizer,
          enter_ossuary_3, uniq_ijyb, uniq_edmund
D:6:      layout_gridville
D:7:      layout_cave_pods, enter_bailey_3, uniq_crazy_yiuf_cottage
D:8:      layout_loops_corners, grunt_temple_overflow_holy_war,
          minmay_checkerbox
Temple:   mainiacjoe_temple_cubbyholes

Notes
Turn   | Place    | Note
-------+----------+-------------------------------------------
     0 | D:5      | spaghetti the Deep Dwarf Delver began the quest for the
                  | Orb.
     0 | D:5      | Reached XP level 1. HP: 20/20 MP: 1/1
     0 | D:5      | magus.rc [v1.9.6]
     5 | D:5      | You pick up a book of Displacement and begin reading...
     5 | D:5      | You add the spells Lesser Beckoning, Gell's Gravitas and
                  | Teleport Other to your library.
    50 | D:5      | Found a staircase to the Ecumenical Temple.
    50 | D:5      | Noticed an orc priest
    52 | D:5      | Killed an orc priest
    53 | D:5      | Reached skill level 7 in Stealth
    53 | D:5      | Reached XP level 2. HP: 27/27 MP: 2/2
    53 | D:5      | Reached XP level 3. HP: 33/33 MP: 3/3
    55 | Temple   | Entered the Ecumenical Temple
   376 | Temple   | Became a worshipper of Ru the Awakened
   730 | D:1      | Reached skill level 8 in Stealth
   730 | D:1      | Reached XP level 4. HP: 36/40 MP: 4/4
   802 | D:1      | Found a faded altar of an unknown god.
   993 | D:1      | Gained mutation: You are missing an eye, making it more
                  | difficult to aim. [Ru sacrifice]
   993 | D:1      | Reached * piety under Ru
  1753 | D:2      | Gained mutation: Armour fits poorly on your strangely
                  | shaped body. [potion of mutation]
  1753 | D:2      | Gained mutation: You are weak. (Str -2) [potion of
                  | mutation]
  1753 | D:2      | Gained mutation: You possess an exceptional clarity of
                  | mind. [potion of mutation]
  1753 | D:2      | Gained mutation: You have large cloven feet. [potion of
                  | mutation]
  1760 | D:2      | Reached XP level 5. HP: 33/46 MP: 5/5
  1771 | D:2      | HP: 10/46 [orc priest/divine providence (7)]
  1781 | D:2      | HP: 11/46 [orc priest/divine providence (14)]
  1787 | D:2      | Reached skill level 9 in Stealth
  2743 | D:3      | Noticed Jessica
  2806 | D:3      | Killed Jessica
  2984 | D:3      | Reached skill level 3 in Fighting
  3144 | D:4      | Reached XP level 6. HP: 33/56 MP: 5/5
  3265 | D:4      | Found a runed translucent gate.
  3265 | D:4      | Found a runed translucent gate.
  3265 | D:4      | Found a runed translucent gate.
  3379 | D:4      | Reached skill level 10 in Stealth
  3644 | D:4      | Noticed Natasha
  3666 | D:4      | Killed Natasha
  3865 | D:4      | HP: 11/56 [phantom (5)]
  3902 | D:5      | Noticed Edmund
  3911 | D:4      | Noticed Natasha
  3933 | D:4      | Killed Natasha
  3941 | D:4      | Identified a scroll of acquirement
  3941 | D:4      | Acquired a +8 longbow of flaming
  4065 | D:4      | Noticed Natasha
  4070 | D:4      | Killed Natasha
  4111 | D:5      | Reached skill level 4 in Fighting
  4124 | D:5      | Gained mutation: You are somewhat unskilled. (-1 Apt) [Ru
                  | sacrifice]
  4124 | D:5      | Reduced skill Fighting to level 3
  4124 | D:5      | Reduced skill Stealth to level 9
  4124 | D:5      | Reached ** piety under Ru
  4248 | D:5      | You fall into a shaft and drop 2 floors!
  4249 | D:7      | Noticed an ice beast
  4253 | D:7      | Killed an ice beast
  4254 | D:7      | Reached skill level 4 in Fighting
  4254 | D:7      | Reached XP level 7. HP: 37/66 MP: 6/6
  4324 | D:5      | Noticed Ijyb
  4328 | D:5      | Killed Ijyb
  4365 | D:5      | Reached skill level 5 in Fighting
  4366 | D:5      | Killed Edmund
  4808 | D:5      | Reached skill level 6 in Fighting
  4961 | D:5      | Reached XP level 8. HP: 63/76 MP: 7/7
  5298 | D:6      | Reached skill level 7 in Fighting
  5352 | D:6      | HP: 14/80 [ogre/+0 giant club (10)]
  5360 | D:6      | Reached skill level 1 in Axes
  5414 | D:6      | Reached skill level 2 in Axes
  5432 | D:6      | HP: 20/80 [orc/+0 trident (3)]
  5432 | D:6      | HP: 6/80 [orc warrior/+0 short sword (6)]
  5698 | D:6      | HP: 17/80 [water moccasin (5)]
  5703 | D:6      | HP: 15/80 [water moccasin (2)]
  5705 | D:6      | HP: 7/80 [water moccasin (5)]
  5709 | D:6      | Reached skill level 3 in Axes
  6018 | D:6      | HP: 18/80 [orc/+0 flail (5)]
  6021 | D:6      | Noticed a troll
  6023 | D:6      | HP: 15/80 [orc/+0 flail (3)]
  6060 | D:7      | HP: 12/80 [gnoll/+0 spear (2)]
  6094 | D:6      | Reached skill level 4 in Axes
  6199 | D:6      | HP: 18/80 [black bear (5)]
  6207 | D:6      | HP: 20/80 [white imp/puff of frost (10)]
  6450 | D:7      | Gained mutation: You passively map the area around you.
                  | [Deep Dwarf growth]
  6450 | D:7      | Reached XP level 9. HP: 66/87 MP: 6/6
  6450 | D:7      | Gained mutation: You are sensitive to extremes of
                  | temperature. (rF-, rC-) [Ru sacrifice]
  6450 | D:7      | Reached *** piety under Ru
  6450 | D:7      | Reached **** piety under Ru
  6589 | D:7      | Reached skill level 8 in Fighting
  7119 | D:7      | Found a runed translucent door.
  7120 | D:7      | Noticed Crazy Yiuf
  7122 | D:7      | Identified the +4 mace of Voung {venom, *Rage rF++}
  7130 | D:7      | Killed Crazy Yiuf
  7138 | D:7      | Identified the +9 mace of the Dungeon {freeze, Int+4 Dex+3}
  7195 | D:7      | Reached skill level 9 in Fighting
  7493 | D:8      | Found a glowing golden altar of the Shining One.
  7496 | D:8      | Noticed an angel
  7611 | D:8      | Found a basalt altar of Yredelemnul.
  7632 | D:8      | Noticed a profane servitor
  7722 | D:8      | Noticed a deep elf pyromancer
  7735 | D:8      | HP: 18/91 [fire elemental[a deep elf pyromancer] (7)]
  7736 | D:8      | HP: 3/91 [fire elemental[a deep elf pyromancer] (9)]
  7743 | D:8      | HP: 18/91 [fire elemental[a deep elf pyromancer] (12)]
  7743 | D:8      | Slain by a fire elemental

Vanquished Creatures
  A steam dragon (D:8)
  Edmund (D:5)
  A water moccasin (D:6)
  6 sky beasts
  3 black bears
  An orc warrior (D:7)
  2 ice beasts (D:7)
  An ogre (D:6)
  A centaur (D:5)
  A phantom (D:5)
  A bullfrog (D:8)
  A scorpion (D:5)
  A gnoll sergeant (D:7)
  3 necrophages
  9 killer bees
  A human zombie (D:5)
  A hound (D:6)
  Crazy Yiuf (D:7)
  6 orc priests
  2 jellies (D:4)
  A gnoll shaman (D:5)
  Jessica (D:3)
  Ijyb (D:5)
  Natasha (thrice) (D:4)
  4 orc wizards
  10 adders
  11 gnolls
  A white imp (D:6)
  An ufetubus (D:5)
  3 worms
  5 dart slugs
  29 orcs
  5 endoplasms
  5 giant cockroaches
  17 goblins
  15 hobgoblins
  14 kobolds
  6 quokkas
  6 ball pythons
  6 bats
  6 frilled lizards
  A jackal zombie (D:5)
  23 rats
218 creatures vanquished.

Vanquished Creatures (others)
  A wyvern (D:8)
  A howler monkey (D:6)
  An orc (D:6)
  A demonic plant (D:1)
  3 fungi (D:1)
  2 plants (D:1)
9 creatures vanquished.

Grand Total: 227 creatures vanquished

Table legend:
 A = Non-vault XP
 B = Vault XP
 C = Vault XP percentage of total XP
 D = Non-vault monster count
 E = Vault monster count
 F = Vault count percentage of total count
                 A         B        C        D         E       F
            +---------+---------+-------+---------+---------+-------
      Total |    4116 |     668 |  14.0 |     147 |      72 |  32.9
            +---------+---------+-------+---------+---------+-------
        D:1 |      51 |       0 |   0.0 |      25 |       0 |   0.0
        D:2 |     137 |       0 |   0.0 |      21 |       0 |   0.0
        D:3 |      61 |      51 |  45.5 |      17 |       9 |  34.6
        D:4 |     150 |     117 |  43.8 |      10 |      25 |  71.4
        D:5 |     584 |     357 |  37.9 |      19 |      32 |  62.7
        D:6 |    1124 |       0 |   0.0 |      23 |       0 |   0.0
        D:7 |    1223 |      47 |   3.7 |      21 |       5 |  19.2
        D:8 |     786 |      96 |  10.9 |      11 |       1 |   8.3
            +---------+---------+-------+---------+---------+-------

Illustrated notes

Table legend:
 A = Kills in this place as a percentage of kills in entire the game.
 B = Kills by you in this place as a percentage of kills by you in the entire game.
 C = Kills by friends in this place as a percentage of kills by friends in the entire game.
 D = Other kills in this place as a percentage of other kills in the entire game.
 E = Experience gained in this place as a percentage of experience gained in the entire game.
 F = Experience gained in this place divided by the number of levels of this place that you have seen.
                   A       B       C       D       E      F
               +-------+-------+-------+-------+-------+----------------------
         Total | 100.0 | 100.0 |   N/A | 100.0 | 100.0 | 531.6
       Dungeon | 100.0 | 100.0 |   N/A | 100.0 | 100.0 | 598.0
               +-------+-------+-------+-------+-------+----------------------

Table legend: (Time is in decaauts)
 A = Elapsed time spent in this place.
 B = Non-inter-level travel time spent in this place.
 C = Inter-level travel time spent in this place.
 D = Time resting spent in this place.
 E = Time spent auto-exploring this place.
 F = Levels seen in this place.
 G = Mean time per level.
                   A        B        C        D        E       F      G
               +--------+--------+--------+--------+--------+-----+--------+
         Total |   7968 |   7714 |    254 |    936 |   4223 |   9 |  885.3 |
       Dungeon |   7591 |   7392 |    199 |    936 |   3913 |   8 |  948.9 |
        Temple |    376 |    321 |     55 |      0 |    310 |   1 |  376.0 |
               +--------+--------+--------+--------+--------+-----+--------+

Top non-repeatable levels by time:
     D:5: 1308 daAuts
     D:6: 1206 daAuts
     D:3: 1127 daAuts
     D:4: 1122 daAuts
     D:7: 980 daAuts
     D:2: 790 daAuts
     D:1: 600 daAuts
     D:8: 455 daAuts
  Temple: 376 daAuts
